Map: Dusty Gorge

Players

ILIEKEGGPIE - Winner!

  • Race: Terran Terran
  • League: Platinum
  • Spawn Location: 9:00

Sogeking - Winner!

  • Race: Zerg Zerg
  • Spawn Location: 11:00

Flippleberry

  • Race: Zerg Zerg
  • League: Platinum
  • Spawn Location: 3:00

SonnyMacaw

  • Race: Terran Terran
  • League: Bronze
  • Spawn Location: 5:00

VOD

Have the link to the VOD?

Description

Time

  • Played on: May 22, 2018, 8:04 p.m.
  • Length: 3:20
Show
View Real Time Build Order
Export as new Build Order

ILIEKEGGPIE Terran - Winner!

Build Orders:  

Get SALT Encoding   

  12  0:06  SCV  
  13  0:18  SCV  
  14  0:22  Supply Depot  
  14  0:32  SCV  
  15  0:44  SCV  
  15  0:45  Barracks  
  16  0:55  Refinery  
  16  0:56  SCV  
  17  1:10  Barracks  
  17  1:12  SCV  
  17  1:15  Refinery  
  18  1:32  Orbital Command  
  18  1:38  Reaper  
  19  1:52  Barracks  
  19  2:00  Reaper  
  20  2:02  Supply Depot  
  20  2:12  SCV  
  21  2:19  Reaper  
  22  2:24  SCV  
  23  2:32  Reaper  
  24  2:45  Reaper  
  24  2:47  SCV  
  24  2:50  Supply Depot  
  27  2:59  SCV  
Show
View Real Time Build Order
Export as new Build Order

Sogeking Zerg - Winner!

Build Orders: Pool First 

Get SALT Encoding   

  12  0:03  Drone  
  13  0:10  Drone  
  14  0:29  Spawning Pool  
  14  0:31  Drone  
  14  0:47  Overlord  
  14  1:21  Zergling x2  
  14  1:22  Zergling x4  
  17  1:30  Spine Crawler  
  16  1:33  Queen  
  16  1:34  Zergling x2  
  19  1:43  Extractor  
  19  1:45  Zergling x2  
  19  1:57  Zergling x2  
  20  2:15  Zergling x2  
  21  2:20  Zergling x2  
  22  2:35  Overlord, Spine Crawler  
  21  2:38  Overlord  
  20  2:48  Zergling x2  
  19  3:06  Hatchery  
Show
View Real Time Build Order
Export as new Build Order

Flippleberry Zerg 

Build Orders: Pool Only 

Get SALT Encoding   

  12  0:01  Drone  
  13  0:08  Drone  
  14  0:19  Overlord  
  14  0:26  Drone, Extractor  
  15  0:40  Spawning Pool  
  14  0:43  Drone  
  14  0:48  Drone  
  16  0:53  Drone, Extractor  
  16  1:01  Drone  
  17  1:26  Queen  
  17  1:27  Zergling x2  
  17  1:28  Zergling x4  
  22  1:38  Overlord  
  22  2:03  Queen  
  23  2:18  Spine Crawler  
  18  2:33  Zergling x2  
  18  2:34  Zergling x4  
  10  2:44  Zergling x6  
Show
View Real Time Build Order
Export as new Build Order

SonnyMacaw Terran 

Build Orders:  

Get SALT Encoding   

  12  0:01  SCV  
  13  0:14  SCV  
  14  0:24  Supply Depot  
  14  0:26  SCV  
  15  0:36  Refinery  
  15  0:47  Barracks  
  15  0:55  Barracks  
  15  1:00  SCV  
  16  1:13  SCV  
  17  1:25  SCV  
  18  1:28  Refinery  
  18  1:35  Barracks Tech Lab  
  18  1:37  SCV  
  19  1:46  Barracks  
  19  1:47  Barracks Reactor  
  19  1:51  SCV  
  20  2:03  SCV  
  21  2:20  Marine  
  22  2:23  Marine  
  23  2:59  Marine  
  23  3:11  Supply Depot  
  23  3:12  Supply Depot  
  23  3:13  Supply Depot  
Tags
 
Add a new tag
Caveats
  • Supply blocks, unpowered buildings, or Contaminate may cause inaccurate times.
  • Supply counts are checked every 10 seconds.